 Dungeon Crawl Stone Soup version 0.31-a0-705-ga145531891 (webtiles) character file.

Game seed: 14957361374742875968

37228 bjtr the Ogre Mage (level 13, -30/128 HPs)
             Began as an Ogre Earth Elementalist on Sept 7, 2023.
             Was a High Priest of Vehumet.
             Killed from afar by Jorgrun (34 damage)
             ... with an entropic shot
             ... while petrified by Jorgrun
             ... on level 12 of the Dungeon on Sept 10, 2023.
             The game lasted 01:31:19 (15136 turns).

bjtr the Ogre Mage (Ogre Earth Elementalist)       Turns: 15136, Time: 01:31:20

Health: -30/128    AC:  8    Str: 19    XL:     13   Next: 95%
Magic:  0/31       EV:  1    Int: 20    God:    Vehumet [*****.]
Gold:   967        SH:  0    Dex:  9    Spells: 10/40 levels left

rFire   + . .        a - +7 mace of Destiny {speed, rC+ Str+4}
rCold   + . .        (no shield)
rNeg    + + +        l - +2 robe {rF+}
rPois   ∞            (helmet restricted)
rElec   .            U - +2 cloak
rCorr   .            (gloves unavailable)
SInv    .            (boots unavailable)
Will    +....        M - amulet of guardian spirit
Stlth   +            g - +5 ring of evasion
HPRegen 0.41/turn    X - ring of wizardry
MPRegen 0.22/turn

%: guardian spirit, wizardry (x1)
@: petrified, hasted
A: large, unfitting armour, tough skin 1
a: Renounce Religion


You were on level 12 of the Dungeon.
You worshipped Vehumet.
Vehumet was extremely pleased with you.
You visited 2 branches of the dungeon, and saw 13 of its levels.
You also visited: Sewer and Bailey.

You collected 1072 gold pieces.
You spent 105 gold pieces at shops.

Inventory:

Hand Weapons
 a - the +7 mace of Destiny (weapon) {speed, rC+ Str+4}
   (You found it on level 11 of the Dungeon)

   Str+4:     It affects your strength (+4).
   rC+:       It protects you from cold.
 b - the +4 dagger of the Bashing Ass {protect, Int+4}
   (You found it on level 5 of the Dungeon)

   Int+4:     It affects your intelligence (+4).
 e - a +2 morningstar of protection
 q - the +7 whip "Acsi Mie" {distort, rPois Stlth+}
   (You found it on level 10 of the Dungeon)

   rPois:     It protects you from poison Stlth+: It makes you more stealthy.
 s - a +0 antimagic spear
 u - the +3 halberd of Ixetriklie {venom, rC++ Will+ Int+3 SInv}
   (You took it off an efreet on level 11 of the Dungeon)

   Int+3:     It affects your intelligence (+3).
   rC++:      It greatly protects you from cold.
   Will+:     It increases your willpower.
   SInv:      It lets you see invisible.
 D - a +5 mace of holy wrath
 E - a +4 dire flail
 I - a +1 scimitar of flaming
 Q - a +1 glaive of protection
 R - a +0 giant spiked club
 Z - a +6 broad axe
Missiles
 d - 2 curare-tipped darts (quivered)
 i - 5 atropa-tipped darts
 n - 3 throwing nets
 o - 10 large rocks
 y - 25 poisoned darts
 C - 2 javelins
Armour
 l - a +2 robe of fire resistance (worn)
 z - +0 acid dragon scales
 U - a +2 cloak (worn)
Magical Staves
 J - a staff of earth
Jewellery
 g - a +5 ring of evasion (left hand)
 r - a ring of ice
 L - a ring of fire
 M - an amulet of guardian spirit (around neck)
 X - a ring of wizardry (right hand)
Talismans
 A - a beast talisman
Wands
 p - a wand of mindburst (3)
 F - a wand of digging (8)
 H - a wand of polymorph (1)
 K - a wand of flame (15)
 N - a wand of iceblast (5)
 T - a wand of paralysis (11)
Scrolls
 c - 2 scrolls of enchant armour
 h - 4 scrolls of teleportation
 k - 2 scrolls of revelation
 O - a scroll of fog
 P - a scroll of butterflies
 V - a scroll of immolation
 Y - a scroll of vulnerability
Potions
 f - 2 potions of cancellation
 j - 4 potions of might
 m - 5 potions of mutation
 t - 5 potions of brilliance
 v - 5 potions of lignification
 w - 4 potions of haste
 x - 3 potions of curing
 B - a potion of resistance
Miscellaneous
 G - a phantom mirror (inert)


   Skills:
 + Level 8.6 Fighting
 + Level 7.1 Dodging
 - Level 1.4 Stealth
 + Level 4.3 Shields
 + Level 14.3 Spellcasting
 * Level 7.9 Conjurations
 - Level 0.8 Transmutations
 + Level 2.7 Fire Magic
 + Level 0.5 Ice Magic
 + Level 0.4 Air Magic
 + Level 10.8 Earth Magic
 - Level 7.2 Poison Magic


You had 10 spell levels left.
You knew the following spells:

 Your Spells              Type           Power      Damage    Failure   Level
a - Sandblast             Erth           100%       2d20      1%          1
b - Passwall              Tmut/Erth      30%        N/A       1%          2
c - Stone Arrow           Conj/Erth      100%       3d13      1%          3
d - Petrify               Tmut/Erth      37%        N/A       1%          4
e - Olgreb's Toxic Radia  Pois           43%        N/A       1%          4
f - Scorch                Fire           50%        2d7       1%          2
g - Ignite Poison         Fire/Tmut/Pois 28%        N/A       1%          3
h - Freezing Cloud        Conj/Ice/Air   13%        6-21      4%          5
i - Starburst             Conj/Fire      17%        6d6       9%          6

Your spell library contained the following spells:

 Spells                   Type           Power      Damage    Failure   Level
 Apportation              Tloc           28%        N/A       1%          1
 Necrotise                Necr           56%        1d6       1%          1
 Slow                     Hex            56%        N/A       1%          1
 Summon Small Mammal      Summ           56%        N/A       1%          1
 Dazzling Flash           Conj/Hex       60%        N/A       1%          3
 Confusing Touch          Hex            14%        N/A       5%          3
 Vampiric Draining        Necr           14%        2d7       5%          3
 Silence                  Hex/Air        7%         N/A       41%         5
 Agony                    Necr           14%        N/A       43%         5
 Ignition                 Fire           12%        3d6       99%         8
 Discord                  Hex            7%         N/A       100%        8


Dungeon Overview and Level Annotations

Branches:
Dungeon (12/15)            Temple (1/1) D:7            Lair (0/5) D:11
    Orc (0/2) D:9           Sewer (visited)          Bailey (visited)

Altars:
Ashenzari
Cheibriados
Dithmenos
Elyvilon
Fedhas
Gozag
Hepliaklqana
Kikubaaqudgha
Makhleb
Nemelex Xobeh
Okawaru
Qazlal
Ru
Sif Muna
Trog
Uskayaw
Vehumet
Wu Jian
Xom
Yredelemnul
Zin
The Shining One

Shops:
D:6 *   D:7 (   D:10 *

Annotations:
D:12 Jorgrun


Innate Abilities, Weirdness & Mutations

You are too large for most types of armour.
You have tough skin. (AC +1)


Message History

Jorgrun's fire resistance burns away.
Jorgrun gestures at you while chanting. The entropic shot hits you!!!
* * * LOW HITPOINT WARNING * * *
Unknown command.
Okay, then.
Unknown command.
Okay, then.
Unknown command.
Okay, then.
Unknown command.
Unknown command.
Aiming: Phantom Mirror
Press: ? - help, Dir - move target, f - Jorgrun
Aim: Jorgrun, wielding a +0 heavy quarterstaff and wearing a +2 robe of resistance (severely wounded, more vulnerable to fire)
You reflect Jorgrun with the mirror!
The mirror clouds!
Jorgrun is engulfed in freezing vapours.
Jorgrun misses Jorgrun.
Jorgrun hits you with a +0 heavy quarterstaff!
* * * LOW HITPOINT WARNING * * *
You have turned to stone.
Jorgrun is no longer more vulnerable to fire.
Jorgrun is no longer more vulnerable to fire.
Jorgrun is engulfed in freezing vapours.
Jorgrun closely misses Jorgrun.
Jorgrun hits you with a +0 heavy quarterstaff.
* * * LOW HITPOINT WARNING * * *
The cyclops throws a large rock.
The large rock hits Jorgrun!!
Jorgrun is engulfed in freezing vapours.
You kill Jorgrun!
Jorgrun's corpse shimmers and vanishes!
Jorgrun hits you with a +0 heavy quarterstaff!!
* * * LOW HITPOINT WARNING * * *
Jorgrun completely misses you. Jorgrun gestures at you while chanting.
The entropic shot hits you!
* * * LOW HITPOINT WARNING * * *
Jorgrun casts a spell at you. The entropic shot hits you!!!
You die...

#........#........
#.......##........
#.......##........
#................
#......##.#####.# ..
#......##.##.... ...
#...............
....#.....#########.
.......g###g@##((.##
###.#...#..○##(#.#.#
# #...C○○.#(((#..#
#...#☼○.##(#(#.#
.......###..##...##
........ #########.
......... ......
#.#.##### ......
..#. ..##


You could see Jorgrun, a cyclops and 8 dancing weapons.

Vanquished Creatures
  An orc warlord (Bailey)
  4 hydras (D:11)
  A boulder beetle (D:11)
  An anaconda (shapeshifter) (D:11)
  4 two-headed ogres (D:11)
  Lodul (D:10)
  3 cyclopes (D:11)
  A deep elf pyromancer (D:11)
  A moth of wrath (D:10)
  An ugly thing (D:12)
  Maurice (D:8)
  An unseen horror (D:10)
  2 komodo dragons (D:11)
  A tengu conjurer (D:11)
  An efreet (D:11)
  A yaktaur (shapeshifter) (D:10)
  A freezing wraith (D:11)
  4 trolls
  4 slime creatures (D:12)
  3 wraiths
  2 wyverns
  A water elemental (D:11)
  Grum (D:11)
  17 yaks
  A steam dragon (D:5)
  A basilisk (D:11)
  6 vampire mosquitoes
  An acid dragon (D:11)
  4 water moccasins
  14 orc warriors
  An ice beast (D:8)
  A black bear (D:6)
  A sky beast (D:7)
  5 centaurs
  11 ogres
  2 wolves (D:11)
  4 kobold brigands
  Blork the orc (D:4)
  3 bullfrogs
  6 gnoll sergeants
  5 scorpions
  23 wights
  12 killer bees
  5 howler monkeys
  2 electric eels (D:11)
  4 orc priests
  3 jellies (Sewer)
  3 gnoll boudas
  10 hounds
  A sleepcap (D:5)
  2 iguanas (D:5)
  4 orc wizards
  32 gnolls
  6 adders
  4 river rats
  3 shadow imps (D:6)
  A white imp (D:5)
  4 worms
  A dart slug (D:3)
  52 orcs
  17 endoplasms
  6 giant cockroaches
  7 goblins
  3 hobgoblins
  9 jackals
  9 quokkas
  3 training dummies (D:7)
  9 ball pythons
  9 bats
  5 frilled lizards
  25 kobolds
  12 rats
411 creatures vanquished.

Notes
Turn   | Place    | Note
-------+----------+-------------------------------------------
     0 | D:1      | bjtr the Ogre Earth Elementalist began the quest for the
                  | Orb.
     0 | D:1      | Reached XP level 1. HP: 16/16 MP: 3/3
   167 | D:1      | Reached XP level 2. HP: 24/24 MP: 2/5
   170 | D:1      | Learned a level 2 spell: Passwall
   804 | D:2      | Reached skill level 3 in Spellcasting
   804 | D:2      | Reached XP level 3. HP: 28/31 MP: 2/7
   863 | D:2      | Reached XP level 4. HP: 39/39 MP: 1/9
   939 | D:2      | Learned a level 3 spell: Stone Arrow
   944 | D:2      | Learned a level 4 spell: Petrify
  1148 | D:2      | Reached skill level 4 in Spellcasting
  1764 | D:2      | Reached XP level 5. HP: 45/45 MP: 9/11
  2025 | D:3      | Found a glowing drain.
  2074 | Sewer    | Entered a sewer
  2405 | Sewer    | Reached XP level 6. HP: 54/54 MP: 10/13
  2433 | Sewer    | Found a viscous altar of Jiyva.
  2459 | Sewer    | Reached skill level 5 in Spellcasting
  3122 | D:3      | Found a basalt altar of Yredelemnul.
  3224 | D:3      | Found a blossoming altar of Fedhas.
  3369 | D:4      | Upgraded the game from 0.31-a0-691-g409c26aa35 to
                  | 0.31-a0-703-gcfe89afef6
  3524 | D:4      | Found a shimmering altar of Xom.
  3701 | D:4      | Noticed Blork the orc
  3705 | D:4      | Killed Blork the orc
  3706 | D:4      | Reached skill level 1 in Fighting
  3706 | D:4      | Reached skill level 5 in Earth Magic
  3879 | D:4      | Reached XP level 7. HP: 44/62 MP: 9/15
  4166 | D:4      | Reached skill level 6 in Spellcasting
  4507 | D:5      | Entered Level 5 of the Dungeon
  4911 | D:5      | Learned a level 4 spell: Olgreb's Toxic Radiance
  4917 | D:5      | Identified the +4 dagger of the Bashing Ass {protect,
                  | Int+4}
  5018 | D:5      | Reached XP level 8. HP: 72/72 MP: 16/18
  5259 | D:5      | Found a glowing golden altar of the Shining One.
  5265 | D:5      | Reached skill level 7 in Spellcasting
  5265 | D:5      | Reached skill level 1 in Poison Magic
  5346 | D:5      | Identified the +2 scale mail of Makhleb's Anger {Harm rF+}
  5392 | D:5      | Reached skill level 1 in Conjurations
  6239 | D:6      | Upgraded the game from 0.31-a0-703-gcfe89afef6 to
                  | 0.31-a0-705-ga145531891
  6740 | D:6      | Reached XP level 9. HP: 78/80 MP: 17/20
  6829 | D:6      | Reached skill level 8 in Spellcasting
  6967 | D:6      | Found Kiemad's General Store.
  6973 | D:6      | Bought a scroll of identify for 28 gold pieces
  7573 | D:7      | Found Rarchuife's Firing Range.
  7959 | D:7      | Found a staircase to the Ecumenical Temple.
  7992 | Temple   | Entered the Ecumenical Temple
  7999 | Temple   | Became a worshipper of Vehumet
  8089 | D:7      | Reached skill level 9 in Spellcasting
  8366 | D:8      | Reached XP level 10. HP: 63/91 MP: 13/23
  8395 | D:8      | Found a flagged portal.
  8411 | D:8      | Reached * piety under Vehumet
  8411 | D:8      | Offered knowledge of Shock by Vehumet.
  8535 | Bailey   | Entered a bailey
  8603 | Bailey   | Noticed an orc warlord
  8809 | Bailey   | Found a runed translucent gate.
  8811 | Bailey   | Found a runed translucent gate.
  8815 | Bailey   | Reached skill level 5 in Fighting
  8815 | Bailey   | Reached skill level 5 in Dodging
  8815 | Bailey   | Reached skill level 10 in Spellcasting
  8815 | Bailey   | Reached skill level 5 in Conjurations
  8815 | Bailey   | Reached skill level 5 in Poison Magic
  8815 | Bailey   | Reached XP level 11. HP: 105/105 MP: 23/25
  8831 | Bailey   | Found a runed translucent gate.
  8941 | Bailey   | Killed an orc warlord
  9085 | Bailey   | Reached skill level 11 in Spellcasting
  9085 | Bailey   | Reached skill level 10 in Earth Magic
  9085 | Bailey   | Reached XP level 12. HP: 118/118 MP: 25/27
  9392 | D:7      | Reached ** piety under Vehumet
  9395 | D:7      | Offered knowledge of Scorch by Vehumet.
  9399 | D:7      | Learned a level 2 spell: Scorch
  9679 | D:8      | Noticed Maurice
  9685 | D:8      | Killed Maurice
 10958 | D:9      | Offered knowledge of Ignite Poison by Vehumet.
 10969 | D:9      | Learned a level 3 spell: Ignite Poison
 11196 | D:9      | Reached *** piety under Vehumet
 11264 | D:9      | Found a burning altar of Makhleb.
 11334 | D:9      | Found a staircase to the Orcish Mines.
 11615 | D:10     | Entered Level 10 of the Dungeon
 11684 | D:10     | Offered knowledge of Hailstorm by Vehumet.
 11744 | D:10     | Noticed Lodul
 11748 | D:10     | Reached skill level 12 in Spellcasting
 11749 | D:10     | Killed Lodul
 11809 | D:10     | Reached **** piety under Vehumet
 11956 | D:10     | Found Toycsoot's General Store.
 11964 | D:10     | Bought a scroll of immolation for 44 gold pieces
 11964 | D:10     | Bought a potion of lignification for 33 gold pieces
 12094 | D:10     | Identified the +7 whip "Acsi Mie" {distort, rPois Stlth+}
 12166 | D:10     | Reached XP level 13. HP: 127/127 MP: 18/29
 12216 | D:10     | Found a bloodstained altar of Trog.
 12411 | D:10     | Offered knowledge of Freezing Cloud by Vehumet.
 12419 | D:10     | Learned a level 5 spell: Freezing Cloud
 12688 | D:11     | Found a staircase to the Lair.
 12759 | D:11     | Noticed Grum
 12767 | D:11     | Killed Grum
 12774 | D:11     | Identified the +7 mace of Destiny {speed, rC+ Str+4}
 12835 | D:11     | Found an iron altar of Okawaru.
 12986 | D:11     | Reached skill level 13 in Spellcasting
 13684 | D:11     | Reached skill level 1 in Fire Magic
 13743 | D:11     | Reached ***** piety under Vehumet
 13839 | D:11     | Offered knowledge of Starburst by Vehumet.
 13847 | D:11     | Learned a level 6 spell: Starburst
 13973 | D:11     | Reached skill level 14 in Spellcasting
 14043 | D:11     | Identified the +3 halberd of Ixetriklie {venom, rC++ Will+
                  | Int+3 SInv}
 14941 | D:12     | Noticed Jorgrun
 15092 | D:12     | Found a hide-covered altar of Uskayaw.
 15135 | D:12     | HP: 4/128 [Jorgrun/entropic shot (4)]
 15136 | D:12     | Killed from afar by Jorgrun

Illustrated notes

Levels and vault maps discovered:
D:1:      ncdulo_smallfort, layout_rooms
D:2:      minmay_inner_zag, layout_basic, serial_glass, glass_columns_c,
          glass_columns_c, glass_columns_b, glass_columns_a, glass_columns_b,
          kennysheep_generic_room_6
D:3:      layout_loops_cross, fedhas_altar_4, yredelemnul_altar_generic,
          gup_sewer_entry_bubbles, serial_park_tiny_pond
D:4:      layout_gridville, old_standard_altar, uniq_blork_the_orc
D:5:      layout_basic, nicolae_overflow_crystal_walls, skrybe_limestone_x,
          chequers_serial_rivers_small_3, grunt_decor_arrowhead
D:6:      nicolae_cairo_tiling_large_dashed, layout_cave_pools, serial_shops,
          nicolae_shop_stone, serial_gnoll_camp, gnoll_camp_mini_basic,
          gnoll_camp_huts_basic, gnoll_camp_mini_hut, gnoll_camp_mini_basic,
          gnoll_camp_mini_loothouse
D:7:      layout_gridville, temple_fountains, nicolae_shop_firing_range
D:8:      layout_rooms, enter_bailey_3, uniq_maurice
D:9:      layout_stronghold, mainiacjoe_overflow_surrounded_room, david_orc_2,
          serial_column_ruins, column_ruins_square_large,
          column_ruins_columns_straight, column_ruins_columns_straight,
          column_ruins_columns_corner, column_ruins_corridor_straight
D:10:     layout_roguey [special_room_orc], tgw_trog, nicolae_stop_n_shop_1,
          uniq_lodul
D:11:     minmay_the_grid_triangle_9x9_rhombus_full_mashed
          [minmay_the_grid_triangle_9x9_longest,
          minmay_the_grid_triangle_9x9_windchime,
          minmay_the_grid_triangle_9x9_shrine,
          minmay_the_grid_triangle_9x9_cache,
          minmay_the_grid_triangle_9x9_empty,
          minmay_the_grid_triangle_9x9_from_above,
          minmay_the_grid_triangle_9x9_minimal,
          minmay_the_grid_triangle_9x9_prize_insulated], layout_basic,
          grunt_lair_entry_orc_guard_hut, serial_bayou, serial_bayou_ford_a,
          serial_bayou_crossing, serial_bayou_pond_b, serial_bayou_shore_b,
          okawaru_gym_becter, uniq_grum
D:12:     layout_basic, nicolae_uskayaw_en_pointe, uniq_frances, uniq_jorgrun,
          uniq_urug
Temple:   nicolae_temple_bog_church

Skill      XL: |  1  2  3  4  5  6  7  8  9 10 11 12 13 |
---------------+----------------------------------------+-----
Earth Magic    | 3 4 5 6 7 9 10 | 10.8
Spellcasting   | 3 4 5 6 7 9 10 11 12 14 | 14.3
Dodging        | 2 3 4 5 6 7 |  7.1
Fighting       | 1 2 3 5 7 8 |  8.6
Poison Magic   | 2 4 5 7 |  7.2
Conjurations   | 1 2 5 6 7 |  7.9
Shields        | 4 |  4.3
Fire Magic     | 2 |  2.7
Stealth        | |  1.4
Transmutations | |  0.8
Ice Magic      | |  0.5
Air Magic      | |  0.4

Action                     |  1- 3 |  4- 6 |  7- 9 | 10-12 | 13-15 || total
---------------------------+-------+-------+-------+-------+-------++-------
  Melee: Unarmed           |     4 |       |       |       |       ||     4
         Rapier            |     5 |    18 |       |       |       ||    23
         Short sword       |       |    62 |       |       |       ||    62
         Mace              |       |     5 |    21 |       |    36 ||    62
         Punch             |       |     1 |       |     1 |     1 ||     3
         Dagger            |       |       |   118 |    21 |       ||   139
         Broad axe         |       |       |       |    38 |    25 ||    63
         Dire flail        |       |       |       |     1 |       ||     1
  Throw: Dart              |       |       |       |       |     2 ||     2
   Cast: Sandblast         |    38 |   110 |   114 |    63 |    10 ||   335
         Stone Arrow       |       |     3 |    55 |    66 |    52 ||   176
         Passwall          |       |       |     2 |     2 |     1 ||     5
         Ignite Poison     |       |       |       |    15 |    22 ||    37
         Olgreb's Toxic Ra |       |       |       |    10 |    21 ||    31
         Scorch            |       |       |       |     2 |    15 ||    17
         Freezing Cloud    |       |       |       |       |    10 ||    10
  Evoke: Wand              |       |       |     1 |     2 |       ||     3
         Phantom mirror    |       |       |       |       |     1 ||     1
    Use: Scroll            |       |     3 |    13 |     4 |     1 ||    21
         Potion            |       |       |     4 |     9 |     5 ||    18
   Stab: Sleeping          |       |       |       |     1 |       ||     1
 Armour: Robe              |    17 |    90 |   193 |   137 |   115 ||   552
  Dodge: Dodged            |    13 |    56 |   228 |   212 |   118 ||   627

Table legend: (Time is in decaauts)
 A = Elapsed time spent in this place.
 B = Non-inter-level travel time spent in this place.
 C = Inter-level travel time spent in this place.
 D = Time resting spent in this place.
 E = Time spent auto-exploring this place.
 F = Levels seen in this place.
 G = Mean time per level.
                   A        B        C        D        E       F      G
               +--------+--------+--------+--------+--------+-----+--------+
         Total |  15366 |  14938 |    428 |   3385 |   8424 |  15 | 1024.4 |
       Dungeon |  14379 |  13951 |    428 |   3157 |   7975 |  12 | 1198.2 |
        Temple |     14 |     14 |      0 |      0 |      0 |   1 |   14.0 |
         Sewer |    429 |    429 |      0 |     34 |    284 |   1 |  429.0 |
        Bailey |    543 |    543 |      0 |    194 |    165 |   1 |  543.0 |
               +--------+--------+--------+--------+--------+-----+--------+

Top non-repeatable levels by time:
    D:11: 2229 daAuts
     D:6: 1658 daAuts
     D:5: 1327 daAuts
     D:9: 1313 daAuts
     D:8: 1268 daAuts
     D:2: 1220 daAuts
     D:4: 1161 daAuts
     D:7: 1086 daAuts
    D:10: 1028 daAuts
     D:3: 1015 daAuts
     D:1: 770 daAuts
  Bailey: 543 daAuts
   Sewer: 429 daAuts
    D:12: 299 daAuts
  Temple: 14 daAuts
